Map: Kairos Junction LE

Players

TiPtOP - Winner!

  • Race: Terran Terran
  • League: Silver
  • Spawn Location: 11:00

FuzzyLipper

  • Race: Protoss Protoss
  • Spawn Location: 5:00

VOD

Have the link to the VOD?

Description

Time

  • Played on: Aug. 12, 2019, 9:47 a.m.
  • Length: 9:36
Show
View Real Time Build Order
Export as new Build Order

TiPtOP Terran - Winner!

Build Orders:  

Get SALT Encoding   

  12  0:01  SCV  
  13  0:13  SCV  
  14  0:19  Supply Depot  
  14  0:25  SCV  
  15  0:40  SCV  
  16  0:44  Barracks  
  16  0:52  SCV  
  17  1:05  SCV  
  18  1:22  Refinery, SCV  
  19  1:35  Barracks  
  19  1:40  Command Center  
  19  1:43  Marine  
  20  1:48  SCV  
  21  2:00  SCV  
  22  2:18  Supply Depot  
  22  2:20  Barracks Reactor  
  21  2:26  Barracks Tech Lab  
  21  2:56  Barracks  
  21  2:58  Stimpack, Marine  
  21  2:59  Marine  
  21  3:00  Marine  
  24  3:12  SCV  
  25  3:18  Marine x2, Marauder  
  29  3:28  SCV  
  29  3:29  Refinery  
  29  3:33  Supply Depot  
  30  3:37  Supply Depot  
  30  3:41  SCV  
  32  3:55  Marauder  
  32  4:05  Factory  
  32  4:07  Barracks Reactor  
  32  4:09  Marine x2  
  34  4:16  Marine  
  35  4:29  Marine  
  35  4:30  Marine  
  37  4:34  Marine, Supply Depot  
  38  4:45  Marine x2  
  40  4:49  Factory Tech Lab  
  40  4:52  Marauder  
  42  4:55  SCV  
  42  4:56  Starport  
  42  4:57  Marine  
  42  4:58  Marine  
  45  5:09  Siege Tank  
  45  5:14  Marauder  
  47  6:08  Marine  
  47  6:29  Starport Reactor  
  47  6:34  Supply Depot  
  47  6:43  Command Center  
  47  6:45  Marine  
  47  6:55  Marine x3  
  47  6:56  Marauder  
  47  6:58  Supply Depot  
  52  7:08  Marine  
  52  7:13  Marine  
  54  7:19  Supply Depot  
  54  7:20  Siege Tank, Marauder  
  59  7:23  Medivac x2  
  63  7:41  Supply Depot  
  63  7:42  Marauder  
  65  7:57  Combat Shield  
  65  8:03  Marauder, Supply Depot  
  67  8:24  Marauder  
  62  8:43  Siege Tank  
  64  9:08  Marine x4  
  64  9:09  Marauder  
Show
View Real Time Build Order
Export as new Build Order

FuzzyLipper Protoss 

Build Orders: Cannon Rush 

Get SALT Encoding   

  12  0:02  Probe  
  13  0:26  Probe  
  14  0:35  Pylon  
  14  0:38  Probe  
  15  0:50  Pylon  
  15  0:53  Probe  
  15  0:57  Forge  
  16  1:05  Probe  
  17  1:17  Probe  
  18  1:33  Photon Cannon  
  18  1:40  Photon Cannon  
  18  1:56  Photon Cannon  
  18  2:04  Pylon  
  18  2:29  Photon Cannon  
  18  2:42  Pylon  
  18  2:47  Photon Cannon  
  18  2:50  Photon Cannon  
  18  2:58  Gateway  
  18  3:18  Pylon  
  18  3:25  Photon Cannon  
  18  3:33  Nexus  
  18  3:42  Photon Cannon  
  18  4:00  Pylon  
  18  4:06  Photon Cannon  
  18  4:10  Zealot  
  20  4:24  Photon Cannon  
  20  4:33  Probe  
  20  4:38  Zealot  
  23  4:43  Photon Cannon  
  23  4:52  Probe  
  24  5:04  Probe  
  24  5:05  Zealot  
  27  5:09  Photon Cannon  
  27  5:16  Probe  
  26  5:28  Probe  
  26  5:32  Zealot  
  27  5:40  Probe  
  28  5:44  Photon Cannon  
  26  5:57  Photon Cannon  
  26  5:59  Zealot  
  28  6:18  Gateway  
  28  6:22  Photon Cannon  
  28  6:25  Photon Cannon  
  28  6:26  Zealot  
  26  6:53  Zealot, Cybernetics Core  
  28  7:00  Photon Cannon  
  28  7:12  Probe  
  29  7:20  Zealot  
  31  7:24  Probe, Assimilator  
  31  7:27  Assimilator  
  32  7:36  Probe  
  33  7:46  Photon Cannon  
  33  7:47  Zealot  
  33  7:48  Probe  
  36  7:54  Zealot  
  38  8:00  Probe  
  38  8:05  Pylon  
  41  8:21  Zealot  
  33  8:47  Pylon  
  33  8:54  Gateway  
  35  9:01  Pylon  
  33  9:10  Photon Cannon  
  33  9:12  Photon Cannon  
  33  9:14  Photon Cannon  
Tags
 
Add a new tag
Caveats
  • Supply blocks, unpowered buildings, or Contaminate may cause inaccurate times.
  • Supply counts are checked every 10 seconds.